 Dungeon Crawl Stone Soup version 0.25-a0-774-g40ae2d4f90 (webtiles) character file.

Game seed: 7429319864315587532, levelgen mode: classic

7435 EnegeticOcto the Cleaver (level 10, 0/94 HPs)
             Began as a Deep Dwarf Fighter on Apr 14, 2020.
             Was a Believer of Makhleb.
             Slain by a sun demon (9 damage)
             ... summoned by a kobold demonologist
             ... on level 11 of the Dungeon.
             The game lasted 00:15:49 (2515 turns).

EnegeticOcto the Cleaver (Deep Dwarf Fighter)       Turns: 2515, Time: 00:15:50

Health: 0/94       AC: 11    Str: 27    XL:     10   Next: 93%
Magic:  0/0        EV:  5    Int:  9    God:    Makhleb [**....]
Gold:   220        SH: 12    Dex: 12    Spells: 9/9 levels left

rFire    . . .     SeeInvis .   q - +5 hand axe of the Pill Bug {vorpal, Str+4}
rCold    + . .     Gourm    .   c - +0 kite shield
rNeg     + . .     Faith    .   g - +0 plate armour (curse)
rPois    .         Spirit   .   m - +0 helmet (curse)
rElec    .         Reflect  .   (no cloak)
rCorr    .         Harm     .   n - +2 pair of gloves
MR       +....                  (no boots)
Stlth    ..........             (no amulet)
HPRegen  0.00/turn              k - ring of positive energy
MPRegen  0.07/turn              C - ring of protection from cold

@: brilliant, corroded, non-regenerating
A: damage resistance, heal wounds, sense surroundings 2, no regeneration
a: Heal Wounds, Minor Destruction, Renounce Religion


You were on level 11 of the Dungeon.
You worshipped Makhleb.
Makhleb was pleased with you.
You were not hungry.

You visited 2 branches of the dungeon, and saw 13 of its levels.
You also visited: Ossuary.

You collected 220 gold pieces.

Inventory:

Hand Weapons
 a - a +0 war axe
 q - the +5 hand axe of the Pill Bug (weapon) {vorpal, Str+4}
   (You found it on level 6 of the Dungeon)

   It inflicts extra damage upon your enemies.
   It affects your strength (+4).
Armour
 c - a +0 kite shield (worn)
 g - a cursed +0 plate armour (worn)
 j - a +0 pair of gloves
 m - a cursed +0 helmet (worn)
 n - a +2 pair of gloves (worn)
Jewellery
 k - a ring of positive energy (left hand)
 C - a ring of protection from cold (right hand)
Wands
 A - a wand of polymorph (6)
 F - a wand of digging (3) {@v3}
Scrolls
 b - a scroll of enchant armour
 l - a scroll of fear {!r}
 o - 2 scrolls of teleportation {@r3 !r}
 s - 3 scrolls of immolation {unknown}
 t - a scroll of remove curse {unknown}
 u - a scroll of identify {@r1}
 v - a scroll of magic mapping {@r5 !r}
 w - a scroll of blinking {unknown}
 y - 2 scrolls of fog {unknown}
Potions
 d - 2 potions of might {@q3 !q}
 f - 3 potions of cancellation
 h - a potion of magic {unknown}
 i - 3 potions of haste {@q4 !q}
 p - a potion of curing {@q1 !q}
 r - a potion of invisibility {unknown}
 x - 4 potions of brilliance
 z - a potion of heal wounds {unknown}
 B - a potion of flight {unknown}
 E - a potion of stabbing {unknown}
Comestibles
 e - a ration
 D - 4 chunks of flesh


   Skills:
 + Level 7.0 Fighting
 + Level 12.6 Axes
 - Level 3.2 Armour
 + Level 8.4 Shields
 + Level 9.0 Invocations


You had 9 spell levels left.
You didn't know any spells.
Your spell library contained the following spells:

 Spells                   Type           Power        Failure   Level  Hunger
 Bolt of Magma            Conj/Fire/Erth #.........   100%        5    None
 Iskenderun's Battlesphe  Conj/Chrm      #.......     100%        5    None
 Iron Shot                Conj/Erth      #.........   100%        6    None
 Orb of Destruction       Conj           #.........   100%        7    None
 Spellforged Servitor     Conj/Summ      #.........   100%        7    None


Dungeon Overview and Level Annotations

Branches:
Dungeon (12/15)            Temple (1/1) D:5            Lair (0/6) D:10
    Orc (0/2) D:11        Ossuary (visited)

Altars:
Cheibriados
Dithmenos
Fedhas
Gozag
Makhleb
Nemelex Xobeh
Okawaru
Ru
Sif Muna
Trog
Wu Jian
Xom
Zin
The Shining One

Shops:
D:6 }?   D:9 [

Annotations:
D:8 4 runed translucent doors
D:12 Erolcha, Urug


Innate Abilities, Weirdness & Mutations

You are resistant to damage.
You can heal yourself by infusing magical energy.
You passively map the area around you.
You do not regenerate.


Message History

The crocodile bites you but does no damage.
You hit the crocodile.
The crocodile is almost dead.
You hit the orc priest. You hit the orc.
You kill the orc!
Makhleb accepts your kill.
You feel better.
You slash the bullfrog!
You kill the bullfrog!
Makhleb accepts your kill.
Your Fighting skill increases to level 7!
Your Invocations skill increases to level 9!
An acid dragon comes into view.
You closely miss the crocodile.
The crocodile is almost dead.
You hit the kobold.
You kill the kobold!
Makhleb accepts your kill.
You hit the orc priest.
The orc priest looks satisfied for a moment.
The crocodile bites you but does no damage.
You slash the crocodile!
You kill the crocodile!
Makhleb accepts your kill.
You feel better.
You hit the orc priest.
You kill the orc priest!
Makhleb accepts your kill.
You feel better.
The kobold throws a stone.
You block the stone.
You slash the kobold!
You kill the kobold!
Makhleb accepts your kill.
You feel better.
You slash the kobold!
You kill the kobold!
Makhleb accepts your kill.
The kobold throws a stone.
The stone closely misses you.
The kobold throws a stone.
The stone barely misses you. You block the kobold's attack.
The goblin barely misses you.
Items here: )))) [ †† You barely miss the kobold.
You hit the goblin.
You kill the goblin!
Makhleb accepts your kill.
The kobold throws a stone.
You block the stone. The kobold barely misses you.
You slice the kobold!!
You kill the kobold!
Makhleb accepts your kill.
You feel better.
You slash the acid dragon!
The acid dragon is moderately wounded.
You hit the kobold. The acid dragon spits acid at you.
The splash of acid hits you. The acid corrodes you!
You are splashed with acid!
You hit the kobold.
You kill the kobold!
Makhleb accepts your kill.
You hit the acid dragon. The acid dragon bites you.
You block the acid dragon's attack.
You are too injured to fight recklessly!
You are too injured to fight recklessly!
You are too injured to fight recklessly!
You slash the acid dragon!
You kill the acid dragon!
Makhleb accepts your kill.
You feel better.
The acid dragon scales are intact enough to wear.
A kobold demonologist comes into view. It is wielding a +0 war axe.
The kobold demonologist shouts!
The kobold demonologist mumbles some strange words.
Things that are here:
+0 acid dragon scales; an acid dragon corpse A worker ant comes into view.
The worker ant moves out of view.
The kobold demonologist gestures wildly while chanting.
The sun demon hits you!
You are engulfed in flames!
You hit the kobold demonologist.
The kobold demonologist is lightly wounded.
You hit the sun demon but do no damage. You block the sun demon's attack.
Your magical essence is drained by the effort!
You feel much better.
You block the kobold demonologist's attack.
The sun demon hits you!
You are engulfed in flames!!
You hit the kobold demonologist.
The kobold demonologist is moderately wounded.
You slash the iron imp! You miss the sun demon.
The crimson imp blinks!
You block the kobold demonologist's attack.
The iron imp hits you but does no damage.
The sun demon hits you!
* * * LOW HITPOINT WARNING * * *
You are engulfed in flames!
* * * LOW HITPOINT WARNING * * *
Really read
l - 2 scrolls of fear {!r}?
As you read the scroll of fear {!r}, it crumbles to dust.
You assume a fearsome visage.
The crimson imp is unaffected.
The iron imp is unaffected.
The sun demon is unaffected.
The worker ant looks frightened!
The kobold demonologist looks frightened!
You block the sun demon's attack. You block the iron imp's attack.
It was a potion of brilliance.
You feel clever all of a sudden. The sun demon hits you!
You die...

,,,+,,***,,,,,,,,,,,,,,,,,,,,*
,,,**,,,+..,,,,,,,,**,,,,,,,,*
,,,,*****...,,,,,,,**,,..,,,,*
***,*****##.##*+#######.#**,***
,,,,,,,,,.....,,....a.......,,*
,,,,,,,,,......*#.............##
,,,,,,,,,.....K##....##........#
,,,,,,,,,............##........#
,,,,**,,,.....§3@..............##
,,,,**,,,......5)........##....'.
,,,,,,,,,...5.###..)†....##....#,
,,,,,,,,,..........[))†........#,
,,**,,,,,...........)(.........#,
,,**,,,,,......>....)).........#*
,,,,,,,,,.,.............(.....##
,,,,,,,,,,,...................#
,,,**,,,,,,..............)....#


You could see a sun demon, a kobold demonologist (fleeing), a worker ant
(fleeing), an iron imp and a crimson imp.

Vanquished Creatures
  Josephine (D:12)
  A skeletal warrior (D:10)
  An ugly thing (D:12)
  2 centaur skeletons (D:12)
  A kobold demonologist (D:12)
  A troll (D:10)
  A wyvern (D:12)
  3 wraiths (D:12)
  3 yaks (D:12)
  Grum (D:9)
  2 hungry ghosts
  An acid dragon (D:11)
  3 sky beasts
  2 black bears
  4 orc warriors
  2 wolves (D:9)
  A centaur (D:9)
  3 ogres
  A crocodile (D:11)
  2 big kobolds
  An elf zombie (D:7)
  Blork the orc (D:6)
  5 bullfrogs
  An elf skeleton (D:7)
  2 scorpions
  A howler monkey (D:12)
  A crimson imp (D:10)
  2 jellies
  4 orc priests
  3 hounds
  A bullfrog skeleton (D:5)
  10 orc wizards
  5 worker ants
  A killer bee zombie (D:6)
  A hound skeleton (D:2)
  2 worker ant zombies
  5 adders
  4 gnolls (D:3)
  2 shadow imps (D:6)
  An adder skeleton (D:9)
  2 adder zombies
  A dart slug (D:1)
  A leopard gecko (D:1)
  38 orcs
  2 bats (D:3)
  A bat zombie (D:2)
  A giant cockroach (D:6)
  2 goblins
  5 hobgoblins
  6 jackals
  A frilled lizard (D:3)
  13 kobolds
  A leopard gecko skeleton (D:2)
  A quokka skeleton (D:6)
  A quokka zombie (D:7)
  2 rats (D:3)
167 creatures vanquished.

Notes
Turn   | Place    | Note
-------+----------+-------------------------------------------
     0 | D:1      | EnegeticOcto the Deep Dwarf Fighter began the quest for the
                  | Orb.
     0 | D:1      | Reached XP level 1. HP: 20/20 MP: 1/1
    83 | D:1      | Reached skill level 3 in Axes
   122 | D:2      | Reached XP level 2. HP: 22/27 MP: 2/2
   152 | D:2      | Reached XP level 3. HP: 28/33 MP: 3/3
   174 | D:3      | Reached skill level 4 in Axes
   210 | D:3      | Reached XP level 4. HP: 30/40 MP: 3/3
   216 | D:3      | Reached skill level 5 in Axes
   361 | D:4      | Reached XP level 5. HP: 31/46 MP: 4/4
   384 | D:4      | Reached skill level 6 in Axes
   430 | D:5      | Entered Level 5 of the Dungeon
   467 | D:6      | Found Kypsan's Distillery.
   467 | D:6      | Noticed Blork the orc
   469 | D:6      | Noticed an orc warrior
   479 | D:6      | Killed Blork the orc
   494 | D:6      | Killed an orc warrior
   494 | D:6      | Reached skill level 7 in Axes
   494 | D:6      | Reached XP level 6. HP: 44/55 MP: 4/4
   542 | D:6      | Noticed a sky beast
   547 | D:6      | Found Symmo's Magic Scroll Boutique.
   576 | D:6      | Killed a sky beast
   576 | D:6      | Reached skill level 8 in Axes
   580 | D:6      | Noticed a sky beast
   605 | D:6      | Killed a sky beast
   605 | D:6      | Reached XP level 7. HP: 37/61 MP: 4/4
   660 | D:6      | Reached skill level 9 in Axes
   694 | D:6      | Reached skill level 10 in Axes
   736 | D:6      | Reached XP level 8. HP: 37/68 MP: 4/4
   743 | D:6      | Found Zoxod's Gadget Shop.
   748 | D:6      | Found a bloodstained altar of Trog.
   836 | D:5      | Found a staircase to the Ecumenical Temple.
   841 | Temple   | Entered the Ecumenical Temple
   909 | Temple   | Became a worshipper of Makhleb the Destroyer
  1037 | D:6      | Got a jewelled hand axe
  1038 | D:6      | Identified the +5 hand axe of the Pill Bug {vorpal, Str+4}
                  | (You found it on level 6 of the Dungeon)
  1085 | D:7      | Found a shimmering altar of Xom.
  1205 | D:7      | Reached skill level 1 in Invocations
  1342 | D:7      | Found a sand-covered staircase.
  1355 | Ossuary  | Entered an ossuary
  1433 | D:8      | Found a huge runed translucent gate.
  1433 | D:8      | Found a huge runed translucent gate.
  1433 | D:8      | Found a huge runed translucent gate.
  1433 | D:8      | Found a huge runed translucent gate.
  1433 | D:8      | Noticed a dream sheep
  1433 | D:8      | Noticed a polar bear
  1433 | D:8      | Noticed a polar bear
  1433 | D:8      | Noticed a polar bear
  1433 | D:8      | Noticed a dream sheep
  1434 | D:8      | Noticed a death yak
  1434 | D:8      | Noticed a hippogriff
  1434 | D:8      | Noticed a death yak
  1437 | D:8      | Noticed a polar bear
  1510 | D:10     | Entered Level 10 of the Dungeon
  1595 | D:11     | Reached skill level 11 in Axes
  1693 | D:11     | Noticed a skeletal warrior
  1693 | D:11     | Noticed a skeletal warrior
  1693 | D:11     | Noticed a skeletal warrior
  1761 | D:10     | Killed a skeletal warrior
  1761 | D:10     | Reached skill level 5 in Shields
  1761 | D:10     | Reached skill level 5 in Invocations
  1761 | D:10     | Gained mutation: You passively map the area around you.
                  | [Deep Dwarf growth]
  1761 | D:10     | Reached XP level 9. HP: 53/79 MP: 2/4
  1792 | D:10     | Reached * piety under Makhleb
  1803 | D:10     | Noticed a troll
  1815 | D:10     | Killed a troll
  1917 | D:9      | Found Ximeid's Antique Armour Shop.
  1918 | D:9      | Noticed Grum
  1930 | D:9      | Killed Grum
  1930 | D:9      | Reached skill level 5 in Fighting
  1961 | D:10     | Found a staircase to the Lair.
  2152 | D:12     | Reached XP level 10. HP: 76/90 MP: 5/5
  2191 | D:12     | Reached skill level 12 in Axes
  2231 | D:12     | Noticed Josephine
  2247 | D:12     | Reached ** piety under Makhleb
  2252 | D:12     | Killed Josephine
  2282 | D:12     | Noticed a purple ugly thing
  2298 | D:12     | Killed a purple ugly thing
  2422 | D:12     | Noticed Erolcha
  2422 | D:12     | Noticed Urug
  2481 | D:11     | Found a staircase to the Orcish Mines.
  2510 | D:11     | Noticed a sun demon
  2515 | D:11     | Slain by a sun demon

Levels and vault maps discovered:
D:1:      mrwooster_arrival_statue_3, layout_basic, minmay_close_crescents
D:2:      layout_basic, fiery_altar_vehumet, serial_undead, serial_undead_e,
          serial_undead_b, serial_undead_e, serial_undead_e, serial_undead_c,
          serial_undead_b, serial_undead_c, serial_undead_f, serial_undead_c,
          serial_undead_c
D:3:      layout_loops_corners, chequers_temple_overflow_statue_of_worship,
          first_ration, st_stairs_4, minmay_randomly_rotated_circles
D:4:      layout_basic, uniq_pikel, uniq_edmund, uniq_natasha, uniq_grinder
D:5:      layout_loops_ring, minmay_temple_entry_trees, uniq_duvessa
D:6:      layout_rooms, nicolae_overflow_crystal_walls, serial_shops,
          shop_statue, shop, shop, uniq_blork_the_orc
D:7:      layout_gridville, nicolae_ossuary_entry_catacombs, basic_altar,
          grunt_ogre_cave, uniq_prince_ribbit1, uniq_menkaure
D:8:      lemuel_bear_cage, layout_gridville, kennysheep_little_box
D:9:      layout_roguey, serial_shops, shop, uniq_grum
D:10:     layout_irregular_city, lair_entry_dummy, kennysheep_just_a_vault,
          uniq_maurice, uniq_joseph
D:11:     layout_roguey, erik_orc_4
D:12:     layout_gridville, hangedman_abyss_or_decor_stagger, uniq_erolcha,
          uniq_josephine, uniq_urug
Temple:   minmay_crystal_spiral_temple

Skill      XL: |  1  2  3  4  5  6  7  8  9 10 |
---------------+-------------------------------+-----
Axes           | 3 4 5 7 8 10 11 12 | 12.6
Fighting       | 4 5 7 |  7.0
Invocations    | 5 6 9 |  9.0
Shields        | 5 6 8 |  8.4
Armour         | |  3.2

Action                   |  1- 3 |  4- 6 |  7- 9 | 10-12 || total
-------------------------+-------+-------+-------+-------++-------
Melee: War axe           |    45 |   105 |    82 |       ||   232
       Hand axe          |       |       |   208 |   105 ||   313
 Abil: Heal Wounds       |     1 |     7 |    19 |     6 ||    33
  Use: Scroll            |       |     4 |     4 |     2 ||    10
       Potion            |       |       |       |     1 ||     1
  Eat: Chunk             |       |       |     5 |     1 ||     6
       Ration            |       |       |     2 |       ||     2
Armor: Scale mail        |    53 |    33 |       |       ||    86
       Plate armour      |       |    41 |   198 |    68 ||   307
Dodge: Dodged            |    40 |    37 |    37 |    30 ||   144
Block: Kite shield       |    40 |    86 |   151 |    94 ||   371

Table legend:
 A = Non-vault XP
 B = Vault XP
 C = Vault XP percentage of total XP
 D = Non-vault monster count
 E = Vault monster count
 F = Vault count percentage of total count
                 A         B        C        D         E       F
            +---------+---------+-------+---------+---------+-------
      Total |    7745 |    2877 |  27.1 |     136 |      31 |  18.6
            +---------+---------+-------+---------+---------+-------
        D:1 |      11 |       0 |   0.0 |       4 |       0 |   0.0
        D:2 |       4 |      26 |  86.7 |       2 |       4 |  66.7
        D:3 |     154 |       2 |   1.3 |      18 |       1 |   5.3
        D:4 |      34 |       0 |   0.0 |       2 |       0 |   0.0
        D:5 |      59 |       0 |   0.0 |       5 |       0 |   0.0
        D:6 |    1218 |      96 |   7.3 |      43 |       1 |   2.3
        D:7 |     185 |     174 |  48.5 |       5 |       2 |  28.6
        D:8 |     116 |       0 |   0.0 |       1 |       0 |   0.0
        D:9 |     135 |     414 |  75.4 |       3 |       3 |  50.0
       D:10 |    1593 |       0 |   0.0 |      12 |       0 |   0.0
       D:11 |     871 |     452 |  34.2 |      16 |      16 |  50.0
       D:12 |    3363 |    1713 |  33.7 |      24 |       4 |  14.3
     Temple |       2 |       0 |   0.0 |       1 |       0 |   0.0
            +---------+---------+-------+---------+---------+-------
